 Dungeon Crawl Stone Soup version 0.22-a0-358-g7563fe7 (webtiles) character file.

1607 Leszczynek the Grappler (level 8, -9/78 HPs)
             Began as a Troll Skald on Apr 18, 2018.
             Was a Priest of Okawaru.
             Killed by the air
             ... invoked by Gastronok
              (20 damage)
             ... on level 8 of the Dungeon.
             The game lasted 00:15:32 (2308 turns).

Leszczynek the Grappler (Troll Skald)               Turns: 2308, Time: 00:15:32

Health: -9/78      AC:  5    Str: 20    XL:     8   Next: 63%
Magic:  6/8        EV: 12    Int: 10    God:    Okawaru [***...]
Gold:   251        SH:  0    Dex: 10    Spells: 5/9 levels left

rFire    . . .     SeeInvis .     - Unarmed
rCold    . . .     Gourm    +   (no shield)
rNeg     . . .     Faith    .   q - +0 robe (curse)
rPois    .         Spirit   .   (helmet restricted)
rElec    .         Reflect  .   (no cloak)
rCorr    .         Harm     .   (gloves unavailable)
MR       .....                  (boots unavailable)
Stlth    +++.......             (no amulet)
HPRegen  0.63/turn              o - ring of wizardry
MPRegen  0.11/turn              (no ring)

@: heroism
A: large, unfitting armour, claws 3, fast metabolism 3, gourmand, regeneration
1, shaggy fur 1, tough skin 2
a: Heroism, Renounce Religion


You were on level 8 of the Dungeon.
You worshipped Okawaru.
Okawaru was most pleased with you.
You were full.

You visited 1 branch of the dungeon, and saw 8 of its levels.

You collected 251 gold pieces.

Inventory:

Missiles
 l - 2 tomahawks (quivered)
Armour
 a - a +0 robe
 q - a cursed +0 robe (worn)
Jewellery
 o - a ring of wizardry (left claw)
Scrolls
 b - a scroll of teleportation
 e - a scroll of immolation {unknown}
 g - a scroll of fog {unknown}
 j - a scroll of fear {unknown}
 n - a scroll of enchant weapon {unknown}
Potions
 c - a potion of heal wounds {unknown}
 f - a potion of agility {unknown}
 i - a potion of cancellation
 k - a potion of resistance {unknown}
 m - a potion of brilliance {unknown}
Comestibles
 d - 9 rations


   Skills:
 + Level 3.8(8.8) Fighting
 - Level 1.9(6.9) Dodging
 * Level 10.2(15.2) Unarmed Combat
 - Level 1.2 Spellcasting
 - Level 2.0 Charms


You had 5 spell levels left.
You knew the following spells:

 Your Spells              Type           Power        Failure   Level  Hunger
a - Infusion              Chrm           #...         6%          1    ##.....
b - Animate Skeleton      Necr           N/A          14%         1    ##.....
c - Confusing Touch       Hex            #.....       14%         1    ##.....
A - Apportation           Tloc           #.....       14%         1    ##.....


Dungeon Overview and Level Annotations

Branches:
Dungeon (8/15)             Temple (0/1) D:7
   Lair: D:8-11

Altars:
Okawaru
Qazlal
Trog

Annotations:
D:4 Pikel
D:8 Gastronok


Innate Abilities, Weirdness & Mutations

You are too large for most types of armour.
You have claws for hands.
Your metabolism is lightning-fast.
You like to eat raw meat.
Your natural rate of healing is unusually fast.
You are covered in fur. (AC +1)
You have very tough skin. (AC +2)


Message History

The bullfrog hits you but does no damage.
The orc wizard gestures wildly while chanting.
The orc wizard blinks!
The orc misses you.
You barely miss the bullfrog. The bullfrog closely misses you.
The orc closely misses you.
You barely miss the bullfrog. Your claw misses the bullfrog.
The bullfrog hits you.
* * * LOW HITPOINT WARNING * * *
The orc hits you with a whip.
* * * LOW HITPOINT WARNING * * *
Press: ? - help, v - describe, . - travel, g - get item
Here: Gastronok, wearing a runed hat A dagger of draining.
There is something else lying underneath.
The floor.
You feel better. The bullfrog barely misses you.
The bullfrog completely misses you. The orc hits you but does no damage.
Gastronok waves his eye-stalks in wide circles.
The air twists around and strikes you!
You die...

#.
#..###..........
#..###.o....%...
#....o..........
#.###.<.)[......
#.#o..o.........
#.#.############
# #.#o#
..#.###.#o#
#......@#K#
...###oF#.#
#oo#h#
...##.o#.#
.....[.[w.#
.Fo#.#..### .
#.#... # ##.##
#..


You could see Gastronok, a bullfrog, an orc wizard and 3 orcs.

Vanquished Creatures
  Prince Ribbit (D:7)
  A shadow (D:7)
  A hungry ghost (D:7)
  3 ice beasts
  2 slaves (D:3)
  A big kobold (D:8)
  2 bullfrogs
  A scorpion (D:8)
  A howler monkey (D:8)
  2 crimson imps
  A jelly (D:8)
  3 orc priests
  A hound (D:5)
  3 orc wizards
  A worker ant (D:7)
  A hound zombie (D:7)
  8 gnolls
  7 adders
  An ooze (D:3)
  An adder skeleton (D:4)
  2 leopard geckos
  21 orcs
  3 giant cockroaches
  4 hobgoblins
  7 jackals
  3 quokkas
  4 bats
  2 frilled lizards
  2 goblins
  5 kobolds
95 creatures vanquished.

Notes
Turn   | Place    | Note
-------+----------+-------------------------------------------
     0 | D:1      | Leszczynek the Troll Skald began the quest for the Orb.
     0 | D:1      | Reached XP level 1. HP: 19/19 MP: 1/1
   125 | D:2      | Found a bloodstained altar of Trog.
   180 | D:2      | Reached XP level 2. HP: 27/27 MP: 2/2
   191 | D:3      | Reached skill level 3 in Unarmed Combat
   210 | D:3      | Found a stormy altar of Qazlal.
   338 | D:3      | Reached XP level 3. HP: 32/33 MP: 3/3
   370 | D:3      | Learned a level 1 spell: Animate Skeleton
   372 | D:3      | Learned a level 1 spell: Apportation
   374 | D:3      | Learned a level 1 spell: Confusing Touch
   420 | D:4      | Noticed a gnoll sergeant
   440 | D:3      | Reached skill level 4 in Unarmed Combat
   523 | D:4      | Noticed Pikel
   523 | D:4      | Noticed a slave
   523 | D:4      | Noticed a slave
   523 | D:4      | Noticed a slave
   523 | D:4      | Noticed a slave
   533 | D:3      | Killed a slave
   597 | D:3      | Reached XP level 4. HP: 22/41 MP: 4/4
   629 | D:4      | Reached skill level 5 in Unarmed Combat
   735 | D:4      | Found an iron altar of Okawaru.
   743 | D:4      | Became a worshipper of Warmaster Okawaru
   804 | D:4      | Reached XP level 5. HP: 48/48 MP: 5/5
  1027 | D:3      | Killed a slave
  1111 | D:4      | Reached skill level 6 in Unarmed Combat
  1121 | D:5      | Entered Level 5 of the Dungeon
  1131 | D:5      | You fall through a shaft!
  1271 | D:5      | Noticed an ice beast
  1279 | D:5      | Reached XP level 6. HP: 53/55 MP: 6/6
  1301 | D:5      | Killed an ice beast
  1301 | D:5      | Reached * piety under Okawaru
  1301 | D:5      | Reached skill level 7 in Unarmed Combat
  1690 | D:7      | Reached XP level 7. HP: 62/62 MP: 7/7
  1730 | D:7      | Noticed a shadow
  1742 | D:7      | Killed a shadow
  1742 | D:7      | Reached skill level 8 in Unarmed Combat
  1787 | D:7      | Noticed Prince Ribbit
  1799 | D:7      | Killed Prince Ribbit
  1799 | D:7      | Reached ** piety under Okawaru
  1799 | D:7      | Reached skill level 2 in Fighting
  1802 | D:7      | Noticed a hungry ghost
  1814 | D:7      | Killed a hungry ghost
  1814 | D:7      | Reached skill level 9 in Unarmed Combat
  1822 | D:7      | Reached XP level 8. HP: 74/74 MP: 8/8
  1859 | D:7      | oops
  1859 | D:7      | deathly cold
  1859 | D:7      | etc
  2056 | D:7      | Found a staircase to the Ecumenical Temple.
  2060 | D:7      | Reached skill level 3 in Fighting
  2235 | D:8      | Reached *** piety under Okawaru
  2235 | D:8      | Reached skill level 10 in Unarmed Combat
  2242 | D:8      | Noticed Gastronok
  2300 | D:8      | HP: 14/78 [bullfrog (5)]
  2307 | D:8      | HP: 4/78 [bullfrog (4)]
  2307 | D:8      | HP: 1/78 [orc/whip (3)]
  2308 | D:8      | Killed from afar by Gastronok

Vault maps used:
D:1:      minmay_arrival_four_loops
D:2:      trog_book
D:3:      minmay_misc_feat_plants, serial_bayou_lagoon_a,
          nicolae_qazlal_general_emergency
D:4:      kennysheep_okawaru_gauntlet, tso_metal_star, uniq_pikel
D:5:      first_ration, serial_co_window_serial, co_window_corner_a,
          co_window_corner_a, co_window_corner_a, co_window_corner_a,
          co_window_paths_a, co_window_unsneaky_path_e, co_window_broadway_c,
          co_window_2corner, co_window_broadway_c, co_window_unsneaky_path_e,
          co_window_corner_ca, co_window_paths_e, glass_columns_c,
          glass_columns_a, glass_columns_b, glass_columns_b
D:6:      kennysheep_spiral_hall, serial_shops, shop
D:7:      temple_green, uniq_crazy_yiuf_cottage, uniq_prince_ribbit1
D:8:      uniq_gastronok

Skill      XL: |  1  2  3  4  5  6  7  8 |
---------------+-------------------------+-----
Unarmed Combat | 3 4 5 6 7 9 10 | 10.2
Fighting       | 2 3 |  3.8
Dodging        | |  1.9
Spellcasting   | |  1.2
Charms         | |  2.0

Action                   |  1- 3 |  4- 6 |  7- 9 || total
-------------------------+-------+-------+-------++-------
Melee: Unarmed           |    76 |   124 |   116 ||   316
       Punch             |       |     3 |     1 ||     4
 Cast: Confusing Touch   |       |       |     1 ||     1
Invok: Heroism           |       |       |     2 ||     2
  Use: Potion            |       |       |     4 ||     4
       Scroll            |       |       |     3 ||     3
 Stab: Confused          |       |       |     1 ||     1
  Eat: Chunk             |    10 |    11 |     9 ||    30
Armor: Robe              |    33 |    45 |    31 ||   109
Dodge: Dodged            |    48 |    75 |    52 ||   175

Table legend:
 A = Spawn XP
 B = Non-spawn XP
 C = Spawn XP percentage of total XP
 D = Spawn monster count
 E = Non-spawn monster count
 F = Spawn count percentage of total count
 G = Total turns spent on level
                    A         B        C        D         E        F      G
               +---------+---------+-------+---------+---------+-------+---------
         Total |       0 |    2297 |   0.0 |       0 |      93 |   0.0 |  2308
               +---------+---------+-------+---------+---------+-------+---------
           D:1 |       0 |      10 |   0.0 |       0 |       7 |   0.0 |   115
           D:2 |       0 |       3 |   0.0 |       0 |       2 |   0.0 |    70
           D:3 |       0 |     129 |   0.0 |       0 |      19 |   0.0 |   472
           D:4 |       0 |     189 |   0.0 |       0 |      21 |   0.0 |   535
           D:5 |       0 |     286 |   0.0 |       0 |      10 |   0.0 |   274
           D:6 |       0 |      63 |   0.0 |       0 |       6 |   0.0 |   226
           D:7 |       0 |    1044 |   0.0 |       0 |      13 |   0.0 |   480
           D:8 |       0 |     573 |   0.0 |       0 |      15 |   0.0 |   136
               +---------+---------+-------+---------+---------+-------+---------
